AoeStats
← 739697286

Lombardia

508821188Analyzed
4v4 RM · 10d ago on Sep 24, 2026· 42m 27s· 8 players
Game mode
Random Map
Map size
Large (8 player)
Population
200
Speed
Normal
Resources
Standard
Victory
Conquest
Starting age
Dark Age
Ending age
Imperial Age
RankedLock teamsTeams togetherTeam positionsShared explorationLock speedFull tech treeHidden civsTurbo modeCheats
Victory
Defeat
🇨🇳 Malians · China
1766
+6
🇨🇳 Vikings · China
1688
+8
🇨🇳 Cumans · China
1659
+9
🇨🇿 Dravidians · Czechia
1447
+16
🇨🇳 Koreans · China
1514
-10
🇸🇰 Khmer · Slovakia
1509
-11
🇭🇰 Hindustanis · Hong Kong SAR China
1488
-9
🇨🇳 Byzantines · China
1462
-9
你朋友
8:39 Feudal Age
7:36 Loom
10:46 Double-Bit Axe
10:57 Horse Collar
25:45 Castle Age
23:49 Fletching
30:19 Castle Age
31:01 Town Watch
31:58 Wheelbarrow
牛比无极限
7:30 Loom
9:36 Feudal Age
11:54 Double-Bit Axe
16:13 Horse Collar
19:16 Wheelbarrow
22:14 Castle Age
23:10 Hand Cart
24:59 Heavy Plow
25:13 Bow Saw
30:47 Scale Barding Armor
30:53 Forging
33:26 Imperial Age
32:16 Chain Barding Armor
34:37 Heavy Camel Rider
35:18 Husbandry
36:05 Plate Barding Armor
36:06 Iron Casting
36:44 Conscription
37:12 Elite Cataphract
739697286
11:31 Feudal Age
16:01 Castle Age
14:22 Stone Mining
14:57 Horse Collar
16:18 Double-Bit Axe
16:28 Gold Mining
17:40 Loom
18:07 Bow Saw
18:47 Heavy Plow
26:57 Fletching
30:14 Pikeman
33:15 Bodkin Arrow
37:34 Wheelbarrow
41:01 Imperial Age
39:15 Scale Mail Armor
39:25 Forging
39:15 Scale Mail Armor
39:25 Forging
39:15 Scale Mail Armor
39:25 Forging
39:44 Squires
Rado the Yellow
10:22 Feudal Age
9:03 Loom
13:56 Castle Age
12:25 Double-Bit Axe
12:41 Horse Collar
14:51 Bow Saw
19:42 Heavy Plow
21:48 Wheelbarrow
23:33 Gold Mining
24:07 Bloodlines
24:36 Husbandry
25:08 Hand Cart
26:30 Scale Barding Armor
27:19 Forging
29:55 Scale Mail Armor
30:31 Iron Casting
29:46 Pikeman
37:08 Imperial Age
34:46 Stone Mining
36:00 Chain Mail Armor
36:30 Gold Shaft Mining
37:25 Chain Barding Armor
37:52 Tusk Swords
38:13 Conscription
37:30 Elite Battle Elephant
39:02 Plate Barding Armor
40:57 Blast Furnace
42:50 Blast Furnace
儒门_重农抑商
5:28 Loom
9:19 Feudal Age
10:04 Double-Bit Axe
11:57 Horse Collar
17:53 Wheelbarrow
21:04 Castle Age
19:40 Bloodlines
19:19 Town Watch
20:28 Wheelbarrow
20:44 Forging
20:39 Scale Barding Armor
22:41 Chain Barding Armor
22:58 Bow Saw
29:35 Hand Cart
29:55 Capped Ram
32:34 Iron Casting
35:27 Imperial Age
34:53 Devotion
35:22 Heavy Plow
35:30 Elite Steppe Lancer
37:05 Plate Barding Armor
37:31 Blast Furnace
36:37 Siege Ram
37:59 Caravan
42:15 Coinage
儒门大吊-日食
9:00 Feudal Age
9:57 Double-Bit Axe
10:47 Horse Collar
17:52 Wheelbarrow
18:12 Forging
23:15 Castle Age
21:54 Scale Barding Armor
22:20 Bloodlines
22:46 Gold Mining
23:57 Husbandry
24:18 Chain Barding Armor
24:08 Light Cavalry
26:06 Bow Saw
26:14 Heavy Plow
32:52 Iron Casting
32:52 Fervor
33:55 Hand Cart
38:45 Imperial Age
36:07 Loom
36:51 Stone Mining
38:07 Stone Shaft Mining
38:10 Gold Shaft Mining
39:01 Heavy Camel Rider
40:17 Plate Barding Armor
40:19 Crop Rotation
40:59 Chemistry
40:21 Town Watch
41:15 Farimba
41:35 Conscription
41:13 Loom
42:01 Treadmill Crane
czj136
8:46 Loom
10:32 Feudal Age
16:30 Castle Age
14:52 Double-Bit Axe
16:20 Scale Mail Armor
16:06 Horse Collar
16:57 Arson
20:24 Squires
22:54 Gold Mining
31:12 Chain Mail Armor
34:26 Forging
37:05 Iron Casting
39:46 Imperial Age
37:40 Bow Saw
38:37 Town Watch
38:55 Heavy Plow
39:52 Elite Varangian Guard
41:07 Plate Mail Armor
42:26 Blast Furnace
fall
7:44 Loom
10:09 Feudal Age
10:43 Double-Bit Axe
11:04 Horse Collar
22:08 Castle Age
20:45 Wheelbarrow
20:25 Scale Mail Armor
20:56 Man-at-Arms
21:35 Arson
22:03 Forging
23:13 Bow Saw
23:20 Heavy Plow
23:12 Stone Mining
23:12 Gold Mining
27:59 Long Swordsman
28:40 Squires
28:26 Gambesons
33:09 Imperial Age
30:56 Hand Cart
30:28 Town Watch
30:12 Pikeman
33:10 Two-Handed Swordsman
34:11 Wootz Steel
34:13 Conscription
33:29 Halberdier
34:28 Chain Mail Armor
34:49 Champion
36:44 Two-Man Saw
37:22 Masonry
38:03 Murder Holes
39:34 Iron Casting
41:25 Plate Mail Armor
43:19 Blast Furnace
Connection lost

Rejoining the realm…

Still unreachable

The connection could not be restored.

Session expired

The server has moved on; the page needs a fresh start.